General information
			
			
        
        - name: BNet
 
        - type: Ladder team game (AT/RT)
 
        - host: Battle.net
 
        - saver: TIMG4STRok
 
        
map: GoldRush 
        - players: 8
 
        - length: 71:27
 
        - speed: Fast
 - version: 1.22 W3XP
 - replay type:  

 
» download(822 KB)
Players
        team 1 (winner) 
              
              
bLinn (
green | 115 APM | 8204 actions | 71:26)
              
 10 Blademaster 
 3 Wind Walk
 3 Critical Strike
 1 Bladestorm
 3 Mirror Image
 
                » actions 
                
                | Assign group hotkey | 521 |  | 
| Basic commands | 33 |  | 
| Build / train | 110 |  | 
| Enter build submenu | 65 |  | 
| Enter hero's abilities submenu | 11 |  | 
| Give item / drop item | 10 |  | 
| Right click | 5687 |  | 
| Select / deselect | 538 |  | 
| Select group hotkey | 569 |  | 
| Use ability | 657 |  | 
                8204 total
 » units 
                
                | Peon | 23 |  | 
| Troll Batrider | 27 |  | 
| Shaman | 2 |  | 
                52 total
 » upgrades
                
                | Spiked Barricades | 1 |  | 
| Reinforced Defenses | 1 |  | 
| Ranged Weapons | 1 |  | 
| Armor | 1 |  | 
| Shaman Training | 2 |  | 
| Liquid Fire | 1 |  | 
                7 total
 » buildings
                
                | Altar of Storms | 1 |  | 
| Orc Burrow | 4 |  | 
| War Mill | 1 |  | 
| Watch Tower | 56 |  | 
| Voodoo Lounge | 3 |  | 
| Stronghold | 3 |  | 
| Fortress | 2 |  | 
| Beastiary | 2 |  | 
| Great Hall | 1 |  | 
| Spirit Lodge | 1 |  | 
                74 total
 » build order
                00:02 Altar of Storms
00:12 Orc Burrow
00:37 War Mill
01:52 Watch Tower
02:19 Watch Tower
02:30 Watch Tower
02:57 Orc Burrow
02:59 Watch Tower
03:08 Voodoo Lounge
04:00 Stronghold
04:00 Stronghold
05:05 Watch Tower
05:06 Watch Tower
05:29 Orc Burrow
06:00 Watch Tower
06:00 Watch Tower
06:01 Watch Tower
06:50 Fortress
06:50 Fortress
06:52 Beastiary
07:54 Watch Tower
07:54 Watch Tower
07:55 Watch Tower
08:39 Beastiary
09:03 Orc Burrow
13:56 Great Hall
13:57 Watch Tower
13:58 Watch Tower
13:58 Watch Tower
13:58 Watch Tower
15:21 Watch Tower
15:22 Watch Tower
15:22 Watch Tower
15:24 Watch Tower
15:52 Voodoo Lounge
15:55 Watch Tower
15:56 Watch Tower
19:10 Watch Tower
19:11 Watch Tower
19:11 Watch Tower
19:13 Watch Tower
19:13 Watch Tower
19:15 Watch Tower
26:53 Watch Tower
26:54 Watch Tower
26:54 Watch Tower
26:54 Watch Tower
28:47 Watch Tower
28:47 Watch Tower
28:48 Watch Tower
28:48 Watch Tower
30:46 Watch Tower
30:47 Watch Tower
30:49 Watch Tower
30:49 Watch Tower
30:52 Watch Tower
30:54 Watch Tower
30:54 Watch Tower
30:55 Watch Tower
34:38 Watch Tower
34:39 Watch Tower
34:40 Watch Tower
34:41 Watch Tower
34:46 Watch Tower
34:47 Watch Tower
34:56 Watch Tower
34:57 Watch Tower
34:58 Watch Tower
34:58 Watch Tower
34:59 Watch Tower
41:33 Voodoo Lounge
47:05 Watch Tower
49:08 Spirit Lodge
» items
                
                | Healing Salve | 3 |  | 
| Lesser Clarity Potion | 7 |  | 
| Scroll of Speed | 1 |  | 
| Boots of Speed | 2 |  | 
| Staff of Teleportation | 2 |  | 
| Scroll of Regeneration | 1 |  | 
| Orb of Lightning | 1 |  | 
| Potion of Mana | 3 |  | 
| Scroll of Town Portal | 9 |  | 
| Potion of Healing | 2 |  | 
                31 total
  
               
              
              
kunt.roII (
teal | 125 APM | 8919 actions | 71:26)
              
 7 Archmage 
 3 Blizzard
 3 Brilliance Aura
 1 Mass Teleport
 6 Blood Mage 
 3 Flame Strike
 2 Siphon Mana
 1 Summon Phoenix
 5 Naga Sea Witch 
 2 Frost Arrows
 3 Forked Lightning
 
                » actions 
                
                | Assign group hotkey | 43 |  | 
| Basic commands | 331 |  | 
| Build / train | 214 |  | 
| ESC pressed | 8 |  | 
| Enter build submenu | 113 |  | 
| Enter hero's abilities submenu | 18 |  | 
| Give item / drop item | 10 |  | 
| Right click | 3705 |  | 
| Select / deselect | 646 |  | 
| Select group hotkey | 3256 |  | 
| Use ability | 572 |  | 
                8919 total
 » units 
                
                | Peasant | 33 |  | 
| Forest Troll Berserker | 1 |  | 
| Forest Troll Shadow Priest | 1 |  | 
| Priest | 4 |  | 
| Sorceress | 4 |  | 
| Flying Machine | 13 |  | 
                56 total
 » upgrades
                
                | Magic Sentry | 1 |  | 
| Masonry | 3 |  | 
| Sorceress Training | 2 |  | 
| Priest Training | 2 |  | 
| Plating | 3 |  | 
| Gunpowder | 3 |  | 
| Flare | 1 |  | 
| Flak Cannons | 1 |  | 
| Fragmentation Shards | 1 |  | 
| Barrage | 1 |  | 
                18 total
 » buildings
                
                | Altar of Kings | 1 |  | 
| Farm | 15 |  | 
| Lumber Mill | 1 |  | 
| Scout Tower | 125 |  | 
| Arcane Tower | 15 |  | 
| Guard Tower | 56 |  | 
| Keep | 4 |  | 
| Arcane Vault | 3 |  | 
| Arcane Sanctum | 3 |  | 
| Castle | 4 |  | 
| Town Hall | 2 |  | 
| Blacksmith | 1 |  | 
| Workshop | 7 |  | 
                237 total
 » build order
                00:08 Altar of Kings
00:18 Farm
00:30 Lumber Mill
00:40 Scout Tower
00:59 Farm
01:07 Scout Tower
01:26 Arcane Tower
01:26 Arcane Tower
01:43 Scout Tower
01:46 Scout Tower
01:51 Scout Tower
01:57 Arcane Tower
02:08 Scout Tower
02:15 Scout Tower
02:16 Guard Tower
02:24 Scout Tower
02:37 Guard Tower
02:45 Scout Tower
02:52 Arcane Tower
02:52 Arcane Tower
03:15 Guard Tower
03:22 Arcane Tower
03:26 Scout Tower
03:29 Guard Tower
03:38 Farm
03:42 Farm
03:44 Farm
03:47 Scout Tower
03:53 Keep
04:01 Guard Tower
04:07 Scout Tower
04:12 Scout Tower
04:29 Arcane Tower
04:31 Scout Tower
04:32 Scout Tower
04:39 Arcane Tower
04:41 Scout Tower
04:48 Scout Tower
04:49 Scout Tower
05:05 Scout Tower
05:10 Arcane Vault
05:19 Scout Tower
05:20 Scout Tower
05:21 Guard Tower
05:21 Guard Tower
05:25 Scout Tower
05:34 Guard Tower
05:35 Guard Tower
05:53 Scout Tower
05:54 Scout Tower
05:55 Scout Tower
06:24 Guard Tower
07:09 Scout Tower
07:09 Scout Tower
07:13 Guard Tower
07:29 Arcane Sanctum
08:32 Guard Tower
08:38 Scout Tower
08:38 Scout Tower
08:39 Scout Tower
08:42 Scout Tower
09:06 Farm
09:06 Farm
09:26 Guard Tower
09:26 Guard Tower
09:27 Scout Tower
09:28 Scout Tower
09:29 Scout Tower
10:28 Scout Tower
10:28 Scout Tower
10:29 Scout Tower
10:32 Guard Tower
10:32 Guard Tower
10:39 Scout Tower
10:39 Scout Tower
10:45 Guard Tower
12:15 Guard Tower
12:40 Guard Tower
12:40 Guard Tower
12:58 Scout Tower
12:58 Scout Tower
12:59 Scout Tower
13:00 Scout Tower
13:13 Castle
13:13 Castle
13:13 Castle
13:57 Town Hall
13:59 Scout Tower
14:00 Scout Tower
14:00 Scout Tower
14:00 Scout Tower
14:08 Scout Tower
14:08 Scout Tower
14:09 Scout Tower
14:11 Scout Tower
14:11 Scout Tower
14:11 Scout Tower
14:12 Scout Tower
14:32 Guard Tower
14:34 Scout Tower
14:34 Scout Tower
14:35 Scout Tower
14:35 Scout Tower
14:35 Scout Tower
14:36 Scout Tower
14:37 Scout Tower
14:38 Scout Tower
14:38 Scout Tower
14:39 Scout Tower
14:43 Arcane Vault
14:46 Scout Tower
14:47 Scout Tower
14:47 Scout Tower
14:48 Scout Tower
14:52 Guard Tower
15:11 Guard Tower
15:28 Guard Tower
15:31 Guard Tower
15:39 Guard Tower
15:52 Guard Tower
16:01 Guard Tower
16:36 Guard Tower
17:03 Scout Tower
17:24 Scout Tower
17:26 Scout Tower
18:09 Guard Tower
18:10 Scout Tower
18:11 Scout Tower
18:11 Scout Tower
18:21 Scout Tower
18:33 Scout Tower
19:05 Arcane Sanctum
19:11 Guard Tower
19:13 Scout Tower
19:13 Scout Tower
19:14 Scout Tower
19:15 Scout Tower
19:15 Scout Tower
19:46 Guard Tower
19:46 Guard Tower
20:04 Arcane Sanctum
20:43 Guard Tower
20:51 Scout Tower
20:52 Scout Tower
21:34 Guard Tower
21:44 Scout Tower
21:44 Scout Tower
21:45 Scout Tower
21:45 Scout Tower
21:45 Scout Tower
21:46 Scout Tower
22:05 Scout Tower
22:06 Scout Tower
22:07 Scout Tower
22:07 Scout Tower
22:27 Guard Tower
22:39 Guard Tower
27:39 Scout Tower
28:00 Guard Tower
28:19 Scout Tower
28:19 Scout Tower
28:20 Scout Tower
28:21 Scout Tower
28:37 Town Hall
29:03 Guard Tower
29:03 Guard Tower
29:07 Scout Tower
29:07 Scout Tower
29:08 Scout Tower
29:09 Scout Tower
29:09 Scout Tower
29:37 Guard Tower
29:39 Guard Tower
29:40 Guard Tower
30:31 Scout Tower
30:31 Scout Tower
30:32 Scout Tower
30:32 Scout Tower
30:47 Arcane Tower
33:11 Arcane Tower
44:41 Arcane Vault
44:43 Keep
44:44 Keep
45:48 Scout Tower
45:48 Scout Tower
47:37 Scout Tower
47:38 Scout Tower
47:38 Scout Tower
47:39 Scout Tower
47:39 Scout Tower
49:00 Guard Tower
49:00 Guard Tower
49:05 Blacksmith
49:06 Scout Tower
49:07 Scout Tower
49:07 Scout Tower
49:08 Scout Tower
50:25 Guard Tower
57:45 Workshop
57:46 Workshop
57:47 Workshop
57:49 Workshop
57:50 Workshop
57:55 Workshop
57:57 Workshop
57:58 Farm
58:00 Farm
58:00 Farm
58:01 Farm
58:01 Farm
58:01 Farm
58:02 Farm
59:08 Castle
» items
                
                | Boots of Speed | 3 |  | 
| Circlet of Nobility | 8 |  | 
| Scroll of Regeneration | 3 |  | 
| Potion of Healing | 2 |  | 
| Lesser Clarity Potion | 3 |  | 
| Potion of Mana | 2 |  | 
| Staff of Sanctuary | 4 |  | 
| Moonstone | 1 |  | 
| Orb of Venom | 3 |  | 
| Staff of Teleportation | 3 |  | 
| Potion of Lesser Invulnerability | 2 |  | 
| Orb of Lightning | 1 |  | 
| Healing Salve | 1 |  | 
| Scroll of Town Portal | 2 |  | 
                38 total
  
               
              
              
Mata. (
yellow | 102 APM | 7283 actions | 71:26)
              
 8 Demon Hunter 
 3 Mana Burn
 3 Evasion
 1 Metamorphosis
 1 Immolation
 6 Pandaren Brewmaster 
 3 Breath of Fire
 2 Drunken Brawler
 1 Storm Earth and Fire
 
                » actions 
                
                | Assign group hotkey | 933 |  | 
| Basic commands | 8 |  | 
| Build / train | 78 |  | 
| Enter build submenu | 31 |  | 
| Enter hero's abilities submenu | 14 |  | 
| Give item / drop item | 7 |  | 
| Remove unit from queue | 3 |  | 
| Right click | 3990 |  | 
| Select / deselect | 1570 |  | 
| Select group hotkey | 289 |  | 
| Use ability | 360 |  | 
                7283 total
 » units 
                » upgrades
                
                | Well Spring | 1 |  | 
| Ultravision | 1 |  | 
| Nature's Blessing | 1 |  | 
                3 total
 » buildings
                
                | Altar of Elders | 2 |  | 
| Moon Well | 19 |  | 
| Tree of Life | 3 |  | 
| Tree of Ages | 1 |  | 
| Tree of Eternity | 2 |  | 
| Ancient of Wonders | 1 |  | 
| Hunter's Hall | 1 |  | 
| Ancient of Wind | 1 |  | 
                30 total
 » build order
                00:04 Altar of Elders
00:20 Moon Well
00:47 Moon Well
03:14 Moon Well
03:14 Moon Well
03:50 Tree of Life
05:51 Tree of Life
09:03 Tree of Ages
10:34 Moon Well
10:35 Moon Well
10:36 Moon Well
10:37 Moon Well
12:37 Tree of Eternity
12:37 Tree of Eternity
13:40 Tree of Life
15:02 Ancient of Wonders
15:14 Hunter's Hall
24:51 Moon Well
24:51 Moon Well
24:53 Moon Well
24:54 Moon Well
26:10 Moon Well
26:10 Moon Well
26:11 Moon Well
27:38 Altar of Elders
43:18 Moon Well
43:19 Moon Well
43:20 Moon Well
43:21 Moon Well
64:46 Ancient of Wind
» items
                
                | Staff of Teleportation | 2 |  | 
| Boots of Speed | 2 |  | 
| Staff of Preservation | 2 |  | 
| Orb of Venom | 2 |  | 
| Scroll of Town Portal | 3 |  | 
| Potion of Invisibility | 1 |  | 
                12 total
  
               
              
              
TIMG4STRok (
purple | 96 APM | 6833 actions | 71:26)
              
 7 Mountain King 
 3 Storm Bolt
 3 Bash
 1 Avatar
 6 Pit Lord 
 3 Howl of Terror
 2 Cleaving Attack
 1 Doom
 4 Dark Ranger 
 2 Silence
 2 Life Drain
 
                » actions 
                
                | Assign group hotkey | 15 |  | 
| Basic commands | 166 |  | 
| Build / train | 150 |  | 
| ESC pressed | 11 |  | 
| Enter build submenu | 103 |  | 
| Enter hero's abilities submenu | 17 |  | 
| Give item / drop item | 14 |  | 
| Right click | 3428 |  | 
| Select / deselect | 517 |  | 
| Select group hotkey | 1948 |  | 
| Use ability | 463 |  | 
                6833 total
 » units 
                » upgrades
                
                | Masonry | 3 |  | 
| Lumber Harvesting | 2 |  | 
| Magic Sentry | 1 |  | 
| Swords | 3 |  | 
| Storm Hammers | 1 |  | 
| Cloud | 1 |  | 
| Armor | 3 |  | 
| Animal War Training | 1 |  | 
                15 total
 » buildings
                
                | Altar of Kings | 3 |  | 
| Farm | 12 |  | 
| Lumber Mill | 1 |  | 
| Scout Tower | 127 |  | 
| Arcane Tower | 9 |  | 
| Guard Tower | 36 |  | 
| Town Hall | 9 |  | 
| Keep | 2 |  | 
| Arcane Vault | 1 |  | 
| Arcane Sanctum | 2 |  | 
| Castle | 1 |  | 
| Blacksmith | 2 |  | 
| Gryphon Aviary | 8 |  | 
| Barracks | 1 |  | 
                214 total
 » build order
                00:07 Altar of Kings
00:12 Farm
00:30 Lumber Mill
00:44 Scout Tower
00:47 Farm
01:25 Arcane Tower
01:42 Scout Tower
02:16 Guard Tower
02:21 Scout Tower
03:03 Guard Tower
03:22 Town Hall
04:52 Scout Tower
04:55 Scout Tower
04:56 Scout Tower
04:58 Scout Tower
05:15 Town Hall
05:18 Scout Tower
05:22 Scout Tower
05:22 Scout Tower
05:23 Scout Tower
05:45 Arcane Tower
05:56 Guard Tower
06:19 Keep
06:21 Guard Tower
07:15 Arcane Vault
07:59 Town Hall
08:04 Scout Tower
08:07 Scout Tower
08:08 Scout Tower
08:09 Scout Tower
08:44 Guard Tower
09:02 Arcane Tower
09:02 Arcane Tower
09:37 Arcane Sanctum
10:15 Town Hall
10:21 Scout Tower
10:22 Scout Tower
10:28 Scout Tower
10:29 Scout Tower
10:33 Scout Tower
10:33 Scout Tower
10:34 Scout Tower
10:35 Scout Tower
10:40 Scout Tower
10:41 Scout Tower
10:43 Scout Tower
10:46 Scout Tower
10:55 Guard Tower
11:01 Arcane Sanctum
11:03 Scout Tower
11:04 Scout Tower
11:05 Scout Tower
11:08 Scout Tower
11:11 Scout Tower
11:12 Scout Tower
11:14 Scout Tower
11:17 Castle
11:28 Guard Tower
11:39 Scout Tower
12:32 Guard Tower
12:46 Guard Tower
12:49 Arcane Tower
12:50 Guard Tower
12:55 Guard Tower
12:57 Scout Tower
12:59 Scout Tower
13:06 Scout Tower
13:07 Scout Tower
13:08 Scout Tower
13:11 Scout Tower
13:25 Guard Tower
14:34 Farm
14:38 Scout Tower
14:39 Scout Tower
14:40 Scout Tower
14:40 Scout Tower
14:41 Scout Tower
14:42 Scout Tower
14:43 Scout Tower
14:59 Town Hall
15:03 Scout Tower
15:03 Scout Tower
15:05 Scout Tower
15:28 Scout Tower
15:33 Guard Tower
15:55 Guard Tower
16:08 Guard Tower
16:09 Guard Tower
17:05 Town Hall
17:13 Scout Tower
17:13 Scout Tower
17:15 Scout Tower
17:15 Scout Tower
17:21 Guard Tower
17:51 Scout Tower
17:51 Scout Tower
17:52 Scout Tower
17:53 Scout Tower
17:54 Scout Tower
17:54 Scout Tower
17:55 Scout Tower
17:59 Guard Tower
18:02 Scout Tower
18:03 Scout Tower
18:51 Guard Tower
18:55 Scout Tower
18:55 Scout Tower
19:13 Town Hall
19:16 Scout Tower
19:17 Scout Tower
19:18 Scout Tower
19:32 Guard Tower
19:42 Scout Tower
19:43 Scout Tower
19:44 Scout Tower
19:45 Scout Tower
19:45 Scout Tower
19:47 Scout Tower
20:03 Guard Tower
20:14 Guard Tower
20:34 Guard Tower
20:37 Arcane Tower
20:38 Guard Tower
20:55 Guard Tower
20:58 Guard Tower
21:14 Scout Tower
21:15 Scout Tower
21:16 Scout Tower
21:16 Scout Tower
21:17 Scout Tower
21:17 Scout Tower
21:18 Scout Tower
21:19 Scout Tower
21:20 Scout Tower
21:21 Scout Tower
21:35 Guard Tower
21:45 Guard Tower
21:51 Guard Tower
22:18 Guard Tower
22:28 Scout Tower
22:29 Scout Tower
22:30 Scout Tower
22:31 Scout Tower
22:32 Scout Tower
22:32 Scout Tower
22:34 Scout Tower
22:35 Scout Tower
22:35 Scout Tower
22:36 Scout Tower
22:36 Scout Tower
22:37 Scout Tower
22:39 Scout Tower
22:40 Scout Tower
22:40 Scout Tower
22:41 Scout Tower
22:41 Scout Tower
22:42 Scout Tower
23:12 Guard Tower
23:16 Guard Tower
24:12 Guard Tower
24:16 Guard Tower
26:49 Guard Tower
26:53 Scout Tower
26:54 Scout Tower
26:55 Scout Tower
26:55 Scout Tower
26:56 Scout Tower
26:57 Scout Tower
26:57 Scout Tower
26:58 Scout Tower
26:59 Scout Tower
26:59 Scout Tower
28:55 Guard Tower
35:24 Blacksmith
35:41 Scout Tower
35:42 Scout Tower
35:42 Scout Tower
35:43 Scout Tower
35:44 Scout Tower
35:44 Scout Tower
35:45 Scout Tower
35:46 Scout Tower
35:47 Scout Tower
35:47 Scout Tower
35:51 Scout Tower
35:52 Scout Tower
35:54 Scout Tower
38:05 Gryphon Aviary
40:25 Arcane Tower
40:30 Gryphon Aviary
41:19 Arcane Tower
42:06 Blacksmith
44:22 Town Hall
46:41 Gryphon Aviary
46:42 Gryphon Aviary
46:44 Gryphon Aviary
46:53 Gryphon Aviary
46:59 Barracks
48:31 Altar of Kings
48:34 Altar of Kings
53:20 Farm
53:21 Farm
53:22 Farm
53:23 Farm
53:23 Farm
57:03 Farm
57:04 Farm
57:04 Farm
57:05 Farm
65:00 Gryphon Aviary
65:01 Gryphon Aviary
65:22 Town Hall
68:13 Keep
» items
                
                | Boots of Speed | 3 |  | 
| Staff of Teleportation | 3 |  | 
| Dust of Appearance | 2 |  | 
| Lesser Clarity Potion | 7 |  | 
| Scroll of Regeneration | 1 |  | 
| Orb of Lightning | 3 |  | 
| Staff of Sanctuary | 3 |  | 
| Healing Salve | 2 |  | 
| Potion of Mana | 1 |  | 
| Potion of Lesser Invulnerability | 1 |  | 
| Scroll of Town Portal | 1 |  | 
                27 total
  
               team 2 (loser) 
              
              
eX]Red (
orange | 143 APM | 10176 actions | 71:11)
              
 10 Blademaster 
 3 Wind Walk
 3 Critical Strike
 1 Bladestorm
 3 Mirror Image
 
                » actions 
                
                | Assign group hotkey | 153 |  | 
| Basic commands | 368 |  | 
| Build / train | 179 |  | 
| ESC pressed | 6 |  | 
| Enter build submenu | 62 |  | 
| Enter hero's abilities submenu | 10 |  | 
| Give item / drop item | 9 |  | 
| Right click | 4310 |  | 
| Select / deselect | 1505 |  | 
| Select group hotkey | 3162 |  | 
| Use ability | 412 |  | 
                10176 total
 » units 
                
                | Peon | 20 |  | 
| Raider | 30 |  | 
| Troll Batrider | 3 |  | 
| Demolisher | 14 |  | 
| Shaman | 5 |  | 
| Wind Rider | 6 |  | 
                78 total
 » upgrades
                
                | Reinforced Defenses | 1 |  | 
| Ensnare | 1 |  | 
| Armor | 3 |  | 
| Pillage | 1 |  | 
| Melee Weapons | 3 |  | 
| Liquid Fire | 1 |  | 
| Ranged Weapons | 2 |  | 
| Burning Oil | 1 |  | 
| Shaman Training | 2 |  | 
| Envenomed Spears | 1 |  | 
                16 total
 » buildings
                
                | Altar of Storms | 1 |  | 
| Orc Burrow | 7 |  | 
| Voodoo Lounge | 1 |  | 
| War Mill | 2 |  | 
| Watch Tower | 36 |  | 
| Stronghold | 2 |  | 
| Great Hall | 3 |  | 
| Fortress | 2 |  | 
| Beastiary | 2 |  | 
| Barracks | 2 |  | 
| Spirit Lodge | 2 |  | 
                60 total
 » build order
                00:06 Altar of Storms
00:20 Orc Burrow
00:37 Voodoo Lounge
01:11 War Mill
02:24 Watch Tower
02:25 Watch Tower
03:15 Watch Tower
03:40 Stronghold
03:40 Stronghold
03:53 Watch Tower
03:56 Orc Burrow
04:44 Watch Tower
04:47 Watch Tower
06:02 Great Hall
06:08 Watch Tower
06:42 Watch Tower
06:57 Watch Tower
06:59 Watch Tower
07:01 Fortress
07:02 Fortress
07:32 Watch Tower
08:04 Watch Tower
08:59 Beastiary
09:02 Beastiary
09:04 Watch Tower
11:14 War Mill
12:05 Orc Burrow
13:57 Watch Tower
13:58 Watch Tower
13:59 Watch Tower
14:00 Watch Tower
15:09 Watch Tower
15:10 Watch Tower
15:12 Watch Tower
15:14 Great Hall
19:11 Orc Burrow
19:13 Orc Burrow
20:40 Barracks
20:41 Barracks
38:55 Watch Tower
40:52 Watch Tower
40:53 Watch Tower
40:53 Watch Tower
40:54 Watch Tower
40:55 Watch Tower
41:31 Watch Tower
41:31 Watch Tower
42:33 Great Hall
44:04 Watch Tower
44:05 Watch Tower
44:07 Watch Tower
50:28 Watch Tower
50:28 Watch Tower
50:29 Watch Tower
50:31 Watch Tower
50:32 Watch Tower
51:44 Spirit Lodge
51:47 Spirit Lodge
69:52 Orc Burrow
69:54 Orc Burrow
» items
                
                | Healing Salve | 9 |  | 
| Lesser Clarity Potion | 13 |  | 
| Scroll of Speed | 1 |  | 
| Circlet of Nobility | 1 |  | 
| Boots of Speed | 1 |  | 
| Staff of Teleportation | 1 |  | 
| Orb of Lightning | 1 |  | 
| Scroll of Town Portal | 2 |  | 
| Potion of Healing | 5 |  | 
| Potion of Lesser Invulnerability | 1 |  | 
| Scroll of Protection | 1 |  | 
                36 total
  
               
              
              
SLK_42 (
red | 141 APM | 10039 actions | 71:25)
              
 9 Blademaster 
 3 Wind Walk
 3 Critical Strike
 1 Bladestorm
 2 Mirror Image
 
                » actions 
                
                | Assign group hotkey | 60 |  | 
| Basic commands | 993 |  | 
| Build / train | 137 |  | 
| ESC pressed | 12 |  | 
| Enter build submenu | 56 |  | 
| Enter hero's abilities submenu | 10 |  | 
| Give item / drop item | 2 |  | 
| Remove unit from queue | 7 |  | 
| Right click | 4247 |  | 
| Select / deselect | 1427 |  | 
| Select group hotkey | 2639 |  | 
| Use ability | 449 |  | 
                10039 total
 » units 
                
                | Peon | 25 |  | 
| Wind Rider | 9 |  | 
| Raider | 24 |  | 
| Troll Batrider | 11 |  | 
| Shaman | -1 |  | 
| Troll Witch Doctor | 2 |  | 
                70 total
 » upgrades
                
                | Reinforced Defenses | 1 |  | 
| Armor | 3 |  | 
| Melee Weapons | 3 |  | 
| Ranged Weapons | 3 |  | 
| Envenomed Spears | 2 |  | 
| Ensnare | 1 |  | 
| War Drums Damage Increase | 1 |  | 
| Pillage | 1 |  | 
                15 total
 » buildings
                
                | Altar of Storms | 1 |  | 
| Orc Burrow | 6 |  | 
| War Mill | 2 |  | 
| Voodoo Lounge | 1 |  | 
| Stronghold | 2 |  | 
| Watch Tower | 36 |  | 
| Fortress | 1 |  | 
| Beastiary | 3 |  | 
| Great Hall | 3 |  | 
                55 total
 » build order
                00:10 Altar of Storms
00:23 Orc Burrow
00:56 War Mill
01:12 Voodoo Lounge
02:25 Stronghold
02:25 Stronghold
02:49 Watch Tower
03:22 Watch Tower
03:33 Watch Tower
04:25 Watch Tower
05:04 Fortress
05:25 Beastiary
06:50 Beastiary
07:16 Orc Burrow
08:33 Watch Tower
08:38 Watch Tower
09:03 Orc Burrow
09:40 Watch Tower
11:37 Orc Burrow
13:34 Great Hall
14:04 Orc Burrow
16:40 Watch Tower
16:41 Watch Tower
16:44 Watch Tower
16:45 Watch Tower
16:46 Watch Tower
17:54 Great Hall
17:59 Watch Tower
18:35 Great Hall
18:56 Watch Tower
18:58 Watch Tower
18:59 Watch Tower
19:04 Watch Tower
19:07 Watch Tower
19:10 Watch Tower
19:15 Watch Tower
21:17 Watch Tower
21:46 Watch Tower
21:49 Watch Tower
23:36 Watch Tower
26:12 Watch Tower
26:15 Watch Tower
26:21 Orc Burrow
28:30 Watch Tower
32:31 War Mill
36:47 Watch Tower
36:49 Watch Tower
37:29 Beastiary
37:41 Watch Tower
41:29 Watch Tower
42:57 Watch Tower
44:12 Watch Tower
44:13 Watch Tower
44:14 Watch Tower
44:24 Watch Tower
» items
                
                | Healing Salve | 10 |  | 
| Lesser Clarity Potion | 12 |  | 
| Scroll of Speed | 1 |  | 
| Orb of Lightning | 1 |  | 
| Tiny Great Hall | 1 |  | 
| Boots of Speed | 1 |  | 
| Scroll of Town Portal | 3 |  | 
| Potion of Lesser Invulnerability | 1 |  | 
                30 total
  
               
              
              
SLK_R0X (
blue | 74 APM | 4642 actions | 62:19)
              
 6 Blademaster 
 2 Wind Walk
 3 Critical Strike
 1 Bladestorm
 7 Tauren Chieftain 
 3 Shockwave
 3 Endurance Aura
 1 Reincarnation
 5 Shadow Hunter 
 2 Hex
 3 Healing Wave
 
                » actions 
                
                | Assign group hotkey | 93 |  | 
| Basic commands | 142 |  | 
| Build / train | 127 |  | 
| ESC pressed | 2 |  | 
| Enter build submenu | 64 |  | 
| Enter hero's abilities submenu | 18 |  | 
| Give item / drop item | 5 |  | 
| Remove unit from queue | 8 |  | 
| Right click | 1707 |  | 
| Select / deselect | 845 |  | 
| Select group hotkey | 1341 |  | 
| Use ability | 290 |  | 
                4642 total
 » units 
                
                | Peon | 29 |  | 
| Troll Batrider | 4 |  | 
| Troll Headhunter/Berserker | 11 |  | 
| Troll Witch Doctor | 7 |  | 
| Demolisher | 3 |  | 
                54 total
 » upgrades
                
                | Ranged Weapons | 3 |  | 
| Liquid Fire | 1 |  | 
| Reinforced Defenses | 1 |  | 
| Armor | 3 |  | 
| Berserker Upgrade | 1 |  | 
| Troll Regeneration | 1 |  | 
| Spiked Barricades | 2 |  | 
| Witch Doctor Training | 2 |  | 
| Burning Oil | 1 |  | 
                15 total
 » buildings
                
                | Altar of Storms | 3 |  | 
| Orc Burrow | 6 |  | 
| Stronghold | 4 |  | 
| War Mill | 3 |  | 
| Voodoo Lounge | 5 |  | 
| Fortress | 1 |  | 
| Beastiary | 2 |  | 
| Great Hall | 3 |  | 
| Watch Tower | 26 |  | 
| Barracks | 8 |  | 
| Spirit Lodge | 1 |  | 
                62 total
 » build order
                00:36 Altar of Storms
00:47 Orc Burrow
02:19 Stronghold
02:20 Stronghold
02:20 Stronghold
02:21 Stronghold
02:24 War Mill
02:38 Voodoo Lounge
02:54 Orc Burrow
04:26 Orc Burrow
05:19 Fortress
05:21 Beastiary
05:55 Beastiary
09:53 Great Hall
14:15 Watch Tower
14:27 Watch Tower
14:35 Watch Tower
14:50 Watch Tower
15:15 Watch Tower
15:18 Watch Tower
15:36 Watch Tower
15:44 Barracks
15:47 Barracks
15:49 War Mill
15:56 Watch Tower
16:23 Watch Tower
16:50 Watch Tower
17:16 Watch Tower
17:17 Watch Tower
17:29 Watch Tower
17:59 Watch Tower
22:46 Watch Tower
22:46 Watch Tower
22:48 Watch Tower
22:48 Watch Tower
22:49 Watch Tower
23:26 War Mill
24:21 Great Hall
24:22 Watch Tower
25:07 Watch Tower
25:08 Watch Tower
25:12 Great Hall
26:12 Watch Tower
29:28 Spirit Lodge
43:06 Voodoo Lounge
43:07 Watch Tower
43:08 Watch Tower
43:38 Voodoo Lounge
44:30 Voodoo Lounge
44:43 Altar of Storms
44:44 Altar of Storms
46:01 Voodoo Lounge
46:03 Watch Tower
47:31 Barracks
47:33 Barracks
47:37 Barracks
47:38 Barracks
52:22 Orc Burrow
52:35 Orc Burrow
52:36 Orc Burrow
55:30 Barracks
55:30 Barracks
» items
                
                | Tiny Great Hall | 3 |  | 
| Healing Salve | 7 |  | 
| Orb of Lightning | 5 |  | 
| Lesser Clarity Potion | 1 |  | 
| Scroll of Town Portal | 2 |  | 
| Potion of Healing | 1 |  | 
| Boots of Speed | 2 |  | 
| Potion of Lesser Invulnerability | 1 |  | 
                22 total
  
               
              
              
SLK_SUX (
pink | 106 APM | 7541 actions | 71:17)
              
 7 Blood Mage 
 3 Flame Strike
 3 Siphon Mana
 1 Summon Phoenix
 4 Mountain King 
 2 Storm Bolt
 2 Bash
 4 Paladin 
 2 Holy Light
 2 Divine Shield
 
                » actions 
                
                | Assign group hotkey | 44 |  | 
| Basic commands | 410 |  | 
| Build / train | 215 |  | 
| ESC pressed | 11 |  | 
| Enter build submenu | 66 |  | 
| Enter hero's abilities submenu | 15 |  | 
| Give item / drop item | 9 |  | 
| Right click | 2601 |  | 
| Select / deselect | 1235 |  | 
| Select group hotkey | 2416 |  | 
| Use ability | 519 |  | 
                7541 total
 » units 
                
                | Peasant | 49 |  | 
| Mortar Team | 7 |  | 
| Sorceress | 6 |  | 
| Dragonhawk Rider | 5 |  | 
| Priest | 3 |  | 
| Gryphon Rider | 9 |  | 
                79 total
 » upgrades
                
                | Masonry | 3 |  | 
| Lumber Harvesting | 2 |  | 
| Sorceress Training | 2 |  | 
| Gunpowder | 2 |  | 
| Magic Sentry | 2 |  | 
| Flare | 1 |  | 
| Fragmentation Shards | 1 |  | 
| Cloud | 1 |  | 
| Armor | 3 |  | 
| Animal War Training | 1 |  | 
| Priest Training | 2 |  | 
| Control Magic | 1 |  | 
| Flak Cannons | 1 |  | 
| Storm Hammers | 1 |  | 
| Swords | 2 |  | 
                25 total
 » buildings
                
                | Altar of Kings | 1 |  | 
| Lumber Mill | 1 |  | 
| Farm | 9 |  | 
| Scout Tower | 52 |  | 
| Arcane Tower | 12 |  | 
| Guard Tower | 18 |  | 
| Arcane Vault | 1 |  | 
| Keep | 1 |  | 
| Blacksmith | 1 |  | 
| Town Hall | 2 |  | 
| Arcane Sanctum | 2 |  | 
| Workshop | 2 |  | 
| Castle | 1 |  | 
| Gryphon Aviary | 2 |  | 
| Barracks | 1 |  | 
| Cannon Tower | 1 |  | 
                107 total
 » build order
                00:08 Altar of Kings
00:20 Lumber Mill
00:37 Farm
00:55 Farm
01:20 Scout Tower
01:28 Scout Tower
01:31 Scout Tower
01:43 Scout Tower
02:07 Arcane Tower
02:41 Guard Tower
02:54 Arcane Tower
02:55 Guard Tower
03:12 Arcane Vault
04:07 Keep
04:10 Scout Tower
04:12 Scout Tower
05:14 Scout Tower
05:15 Scout Tower
05:18 Scout Tower
05:44 Scout Tower
05:48 Guard Tower
05:49 Arcane Tower
05:50 Guard Tower
05:56 Scout Tower
05:57 Scout Tower
05:59 Scout Tower
06:00 Scout Tower
06:09 Scout Tower
06:40 Blacksmith
06:53 Arcane Tower
06:54 Guard Tower
07:17 Town Hall
07:23 Guard Tower
08:43 Scout Tower
09:28 Guard Tower
09:48 Arcane Tower
10:12 Scout Tower
10:17 Scout Tower
10:27 Arcane Tower
10:32 Arcane Sanctum
10:41 Guard Tower
10:42 Scout Tower
10:47 Arcane Tower
10:49 Scout Tower
10:58 Farm
11:01 Workshop
11:07 Workshop
11:25 Guard Tower
11:35 Guard Tower
11:44 Scout Tower
12:10 Scout Tower
12:22 Farm
12:43 Arcane Sanctum
12:50 Arcane Tower
13:05 Farm
14:31 Castle
15:15 Farm
15:17 Farm
15:18 Farm
15:34 Farm
16:48 Gryphon Aviary
16:49 Gryphon Aviary
16:54 Barracks
16:59 Guard Tower
17:01 Scout Tower
17:02 Scout Tower
17:03 Scout Tower
17:04 Scout Tower
17:47 Scout Tower
17:48 Scout Tower
17:50 Scout Tower
17:50 Scout Tower
18:59 Guard Tower
21:49 Town Hall
21:54 Scout Tower
21:55 Scout Tower
21:56 Scout Tower
21:57 Scout Tower
21:59 Scout Tower
22:00 Scout Tower
22:00 Scout Tower
22:01 Scout Tower
22:02 Scout Tower
22:03 Scout Tower
22:09 Scout Tower
22:09 Scout Tower
22:44 Guard Tower
22:53 Guard Tower
22:54 Guard Tower
23:33 Scout Tower
23:34 Scout Tower
23:35 Scout Tower
23:35 Scout Tower
25:44 Arcane Tower
25:45 Guard Tower
26:32 Arcane Tower
26:56 Guard Tower
29:42 Arcane Tower
38:32 Scout Tower
38:35 Scout Tower
39:09 Guard Tower
39:12 Scout Tower
39:50 Cannon Tower
40:19 Scout Tower
40:22 Scout Tower
51:18 Scout Tower
51:48 Arcane Tower
» items
                
                | Staff of Teleportation | 3 |  | 
| Boots of Speed | 3 |  | 
| Scroll of Regeneration | 6 |  | 
| Lesser Clarity Potion | 12 |  | 
| Potion of Healing | 12 |  | 
| Potion of Mana | 2 |  | 
| Scroll of Town Portal | 5 |  | 
| Staff of Sanctuary | 2 |  | 
| Orb of Lightning | 5 |  | 
| Healing Salve | 1 |  | 
| Circlet of Nobility | 3 |  | 
                54 total
  
                Chat log
          (00:41 / All) TIMG4STRok: your cannon dwarf takes 1 last shot.......
(00:51 / All) bLinn: where'd she go? she was in that spot!
(01:19 / Allies) TIMG4STRok: moogul the sly appears without warning........your nacos wont live to see the morning...
(01:57 / All) TIMG4STRok: hey guys U mind i gotta piss thanks pizza brb
(01:58 / All) SLK_42: Pizza?
(01:59 / All) SLK_42: ;~
(02:01 / All) SLK_R0X: DANIEL PALADINO EN EDRON NA MINHA FRENTE
(02:03 / All) SLK_42: yo soy Thomaz Turbano.
(02:05 / All) Mata.: i havent mbate all day
(02:10 / All) SLK_SUX: =D
(02:11 / Allies) bLinn: SWEET
(02:24 / All) bLinn: please ready your manners (~*~)
(03:04 / All) SLK_R0X: DANIEL PALADINO EN EDRON NA MINHA FRENTE
(08:14 / All) SLK_R0X: DANIEL PALADINO EN EDRON NA MINHA FRENTE
(11:09 / All) SLK_R0X: DANIEL PALADINO EN EDRON NA MINHA FRENTE
(11:20 / Allies) TIMG4STRok: wood please
(12:36 / Allies) TIMG4STRok: lum lum lum
(15:53 / All) eX]Red: this will be long
(15:58 / All) TIMG4STRok: you will lose
(15:58 / All) kunt.roII: not if u quit now
(16:00 / All) Mata.: ? you already lost
(16:02 / All) bLinn: what she said.. when she unzip my pants
(16:03 / All) bLinn: LOL
(19:37 / All) SLK_42: ><
(19:38 / All) SLK_R0X: DANIEL PALADINO EN EDRON NA MINHA FRENTE
(20:01 / All) SLK_R0X: DANIEL PALADINO EN EDRON NA MINHA FRENTE
(20:28 / Allies) TIMG4STRok: wood
(20:52 / Allies) kunt.roII: nuts
(23:05 / All) TIMG4STRok: look at you guys with your units, its adorable
(23:11 / All) SLK_R0X: DANIEL PALADINO EN EDRON NA MINHA FRENTE
(23:21 / Allies) kunt.roII: LOL
(30:37 / All) SLK_R0X: DANIEL PALADINO EN EDRON NA MINHA FRENTE
(40:22 / All) SLK_R0X: DANIEL PALADINO EN EDRON NA MINHA FRENTE
(47:13 / All) kunt.roII: PUTRGE
(50:07 / All) Mata.: you like my laghack
(55:38 / All) eX]Red: how much gold btw?
(55:44 / All) kunt.roII: 69
(55:48 / All) TIMG4STRok: 40k
(56:31 / All) Mata.: gg leavo
(62:19 / All) TIMG4STRok: i had 40k but i was feeling philanthropical so i donate to baby blinn
(70:42 / All) kunt.roII: Hi u
(71:14 / All) Mata.: gg
(71:19 / All) Mata.: learn to bat
(71:23 / All) bLinn: gg shitnoobs
(71:25 / All) bLinn: quit & don't cry